Map: Odyssey LE

Players

Nerchio

  • Race: Zerg Zerg
  • Spawn Location: 11:00

soO - Winner!

  • Race: Zerg Zerg
  • Spawn Location: 5:00

Event: 2017 WCS Global Finals

VOD

Have the link to the VOD?

Description

Time

  • Played on: Oct. 27, 2017, 2:36 p.m.
  • Length: 8:24

All games in this series

Show
View Real Time Build Order
Export as new Build Order

Nerchio Zerg 

Build Orders: Hatch First 

Get SALT Encoding   

  12  0:00  Drone  
  13  0:12  Overlord  
  13  0:16  Drone  
  14  0:30  Drone x2  
  14  0:34  Drone  
  17  0:52  Hatchery  
  17  0:55  Drone  
  17  0:58  Drone  
  18  1:09  Extractor  
  17  1:12  Spawning Pool  
  17  1:16  Drone  
  17  1:19  Drone  
  18  1:28  Drone  
  19  1:38  Overlord  
  19  1:59  Zergling x2  
  19  2:00  Queen, Zergling x2  
  23  2:03  Queen  
  23  2:04  Zergling x2  
  26  2:08  Metabolic Boost  
  26  2:12  Drone  
  26  2:15  Drone  
  28  2:21  Drone  
  29  2:26  Drone  
  30  2:34  Drone  
  31  2:41  Baneling Nest  
  30  2:45  Drone x2  
  32  2:57  Hatchery  
  31  2:59  Overlord  
  31  3:00  Drone  
  31  3:02  Zergling x2  
  34  3:05  Zergling x2  
  34  3:09  Zergling x4  
  35  3:14  Zergling x2  
  35  3:17  Zergling x4  
  35  3:19  Zergling x2  
  37  3:25  Baneling x2  
  37  3:26  Zergling x2  
  38  3:30  Baneling  
  38  3:31  Baneling  
  38  3:35  Zergling x4  
  38  3:37  Zergling x2  
  38  3:39  Queen  
  40  3:47  Drone x2  
  40  3:48  Drone  
  40  3:49  Drone x3  
  40  3:53  Drone  
  43  4:01  Overlord  
  43  4:17  Zergling x2  
  43  4:20  Zergling x2  
  43  4:21  Zergling x2  
  43  4:23  Zergling x12  
  48  4:35  Overlord  
  48  4:40  Hatchery  
  48  4:42  Drone x3  
  49  4:46  Drone  
  49  4:47  Drone  
  49  4:52  Drone x3  
  51  4:54  Zergling x2  
  51  4:57  Zergling x2  
  51  4:58  Zergling x2  
  53  5:02  Baneling  
  53  5:03  Zergling x2  
  53  5:04  Zergling x2  
  55  5:12  Baneling x2  
  55  5:13  Overlord  
  55  5:19  Zergling x2  
  55  5:21  Queen, Zergling x2  
  48  5:22  Zergling x2  
  48  5:25  Zergling x6  
  52  5:32  Zergling x2  
  53  5:36  Zergling x2  
  54  5:44  Evolution Chamber  
  54  5:45  Zergling x4  
  54  5:46  Hatchery  
  54  5:52  Extractor  
  54  5:54  Baneling x2, Drone  
  53  5:58  Baneling x2  
  53  6:02  Drone  
  53  6:03  Roach Warren, Drone  
  43  6:29  Overlord  
  41  6:43  Roach x2  
  41  6:44  Roach x6  
  41  6:45  Roach x3  
  63  6:54  Roach x2  
  63  7:02  Roach  
  63  7:03  Roach x2  
  63  7:05  Zergling x6  
  72  7:09  Zergling x4  
  72  7:12  Ravager  
  75  7:19  Overlord  
  75  7:20  Zergling x2  
  72  7:28  Zergling x2  
  66  7:30  Roach  
  66  7:32  Zergling x4  
  66  7:33  Zergling x2  
  66  7:34  Roach x2  
  66  7:35  Roach  
  69  7:40  Zergling x2  
  69  7:42  Roach  
  69  7:43  Queen  
  61  7:58  Roach  
  61  7:59  Roach  
  61  8:01  Roach x2  
  61  8:04  Roach x3  
Show
View Real Time Build Order
Export as new Build Order

soO Zerg - Winner!

Build Orders: Pool First 

Get SALT Encoding   

  12  0:00  Drone  
  13  0:12  Overlord  
  13  0:16  Drone  
  14  0:30  Drone x2  
  14  0:33  Drone  
  17  0:45  Extractor, Drone  
  17  0:50  Spawning Pool  
  17  0:55  Drone  
  17  1:06  Drone  
  18  1:17  Hatchery  
  17  1:21  Drone  
  18  1:27  Drone  
  19  1:36  Queen  
  19  1:39  Zergling x2  
  22  1:45  Metabolic Boost  
  22  1:52  Overlord  
  22  2:05  Baneling Nest  
  22  2:06  Drone  
  22  2:12  Queen  
  24  2:16  Drone  
  25  2:23  Zergling x2  
  28  2:30  Zergling x2  
  28  2:31  Zergling x2  
  28  2:42  Zergling x4  
  28  2:43  Zergling x2  
  31  2:45  Zergling x4  
  31  2:51  Baneling x2  
  33  2:54  Zergling x4  
  35  3:05  Overlord  
  35  3:06  Drone  
  34  3:20  Drone  
  34  3:21  Overlord  
  34  3:25  Drone x4  
  39  3:28  Drone x2  
  41  3:39  Overlord  
  41  3:40  Drone x2  
  43  3:46  Baneling  
  43  3:49  Baneling  
  43  3:52  Drone x2  
  44  3:56  Baneling  
  44  3:59  Hatchery  
  44  4:02  Zergling x4  
  45  4:06  Zergling x4  
  47  4:11  Zergling x6  
  49  4:17  Zergling x4  
  49  4:20  Zergling x2  
  52  4:26  Drone x2  
  53  4:35  Drone  
  53  4:38  Drone x3  
  57  4:41  Queen, Roach Warren  
  57  4:43  Drone  
  57  4:44  Extractor  
  57  4:45  Extractor, Drone  
  57  4:50  Baneling, Zergling x2  
  57  4:51  Baneling  
  57  4:52  Overlord  
  55  4:53  Drone  
  55  4:58  Drone  
  56  5:00  Zergling x4  
  58  5:10  Zergling x2  
  58  5:12  Zergling x8  
  63  5:16  Zergling x2  
  63  5:20  Zergling x2  
  62  5:23  Baneling x2  
  62  5:25  Roach x3  
  62  5:26  Roach  
  63  5:33  Roach  
  65  5:37  Roach  
  65  5:39  Roach  
  65  5:41  Baneling x2  
  69  5:44  Overlord  
  69  5:46  Roach x2  
  73  5:55  Overlord  
  72  5:58  Overlord  
  72  6:00  Drone  
  72  6:01  Overlord  
  73  6:05  Roach x2  
  77  6:12  Roach x2  
  77  6:15  Roach x2  
  79  6:31  Roach x2  
  79  6:32  Roach  
  84  6:34  Drone x3  
  84  6:35  Drone x2  
  84  6:38  Roach x2  
  93  6:44  Roach  
  93  6:45  Roach  
  96  6:47  Zergling x2  
  96  6:50  Zergling x2  
  96  6:53  Zergling x2  
  98  6:55  Roach x2  
  98  6:58  Roach  
  98  7:00  Zergling x2  
  98  7:01  Zergling x2  
  104  7:09  Ravager x2  
  104  7:12  Overlord  
  105  7:25  Roach x2  
  105  7:28  Roach x3  
  105  7:29  Roach  
  103  7:30  Roach  
  103  7:32  Roach  
  103  7:33  Roach  
  103  7:35  Roach  
  110  7:37  Roach x2  
  110  7:38  Roach  
  110  7:39  Roach  
  111  7:50  Ravager  
  113  7:51  Ravager  
  113  7:52  Overlord  
  113  7:53  Overlord  
  113  7:54  Overlord  
  113  7:57  Zergling x2  
  113  7:58  Zergling x6  
  114  8:00  Roach  
  114  8:01  Zergling x2  
  114  8:02  Zergling x2  
  114  8:04  Zergling x2  
  107  8:07  Zergling x2  
Tags
 
Add a new tag
Caveats
  • Supply blocks, unpowered buildings, or Contaminate may cause inaccurate times.
  • Supply counts are checked every 10 seconds.